 Dungeon Crawl Stone Soup version 0.31-a0-968-g24f9ace8b5 (webtiles) character file.

Game seed: 5919817496260275073

54430 Sanktem7 the Severer (level 14, -4/129 HPs)
             Began as a Minotaur Fighter on Oct 27, 2023.
             Was the Champion of Okawaru.
             Slain by a titanic slime creature (12 damage)
             ... on level 12 of the Dungeon.
             The game lasted 00:42:10 (22243 turns).

Sanktem7 the Severer (Minotaur Fighter)            Turns: 22243, Time: 00:42:11

Health: -4/129     AC: 26    Str: 25    XL:     14   Next: 34%
Magic:  13/13      EV: 20    Int:  3    God:    Okawaru [******]
Gold:   713        SH: 14    Dex: 11    Spells: 13/13 levels left

rFire   + + .        C - +6 war axe (flame) {axe}
rCold   + + .        e - +2 kite shield {rC+}
rNeg    . . .        z - +3 gold dragon scales {rare}
rPois   +            (helmet unavailable)
rElec   .            c - +0 cloak
rCorr   .            v - +0 pair of gloves of the Slightly Bent {SInv}
SInv    +            o - +0 pair of boots
Will    +....        S - amulet of the acrobat Stlth
                     n - ring of protection from fire
HPRegen 0.41/turn    x - ring of poison resistance
MPRegen 0.13/turn

%: acrobat
@: acrobatic
A: horns 3, retaliatory headbutt, dopey 1, MP-powered wands
a: Renounce Religion, Heroism, Finesse, Duel


You were on level 12 of the Dungeon.
You worshipped Okawaru.
Okawaru was exalted by your worship.
You visited 2 branches of the dungeon, and saw 20 of its levels.
You also visited: Ossuary, Ice Cave and Volcano.

You collected 1033 gold pieces.
You spent 320 gold pieces at shops.


Innate Abilities, Weirdness & Mutations

You have a pair of large horns on your head.
You reflexively headbutt those who attack you in melee.
You are dopey. (Int -2)
You expend magic power (3 MP) to strengthen your wands.


   Skills:
 + Level 13.0 Fighting
 * Level 17.2 Axes
 - Level 10.0 Throwing
 + Level 12.6 Armour
 + Level 12.6 Shields
 - Level 5.4 Evocations


You had 13 spell levels left.
You didn't know any spells.
Your spell library contained the following spells:

 Spells                   Type           Power      Damage    Failure   Level
 Kiss of Death            Conj/Necr      0%         2d5       100%        1
 Slow                     Hex            0%         N/A       100%        1
 Sting                    Tmut/Pois      0%         1d3       100%        1
 Poisonous Vapours        Pois/Air       0%         N/A       100%        2
 Wereblood                Tmut           0%         N/A       100%        2
 Confusing Touch          Hex            0%         N/A       100%        3
 Dazzling Flash           Conj/Hex       0%         N/A       100%        3
 Hailstorm                Conj/Ice       0%         3d3       100%        3
 Ozocubu's Armour         Ice            0%         N/A       100%        3
 Sigil of Binding         Hex            0%         N/A       100%        3
 Vampiric Draining        Necr           0%         2d6       100%        3
 Volatile Blastmotes      Fire/Tloc      0%         2d10      100%        3
 Anguish                  Hex/Necr       0%         N/A       100%        4
 Cause Fear               Hex            0%         N/A       100%        4
 Dispel Undead            Necr           0%         3d6       100%        4
 Manifold Assault         Tloc           0%         N/A       100%        4
 Olgreb's Toxic Radiance  Pois           0%         N/A       100%        4
 Irradiate                Conj/Tmut      0%         3d11      100%        5
 Silence                  Hex/Air        0%         N/A       100%        5
 Dispersal                Tloc           0%         N/A       100%        6
 Plasma Beam              Fire/Air       0%         2x1d10    100%        6
 Starburst                Conj/Fire      0%         6d3       100%        6
 Enfeeble                 Hex            0%         N/A       100%        7
 Ozocubu's Refrigeration  Ice            0%         4d7       100%        7
 Disjunction              Tloc           0%         N/A       100%        8
 Maxwell's Capacitive Co  Air            0%         ∞         100%        8
 Summon Ice Beast         Ice/Summ       Unusable   N/A       N/A         4
 Summon Lightning Spire   Summ/Air       Unusable   N/A       N/A         4
 Simulacrum               Ice/Necr       Unusable   N/A       N/A         6

Inventory:

Hand Weapons
 C - a +6 war axe of flaming (weapon) {axe}
   (You took it off an orc on level 6 of the Dungeon)
 N - the +5 broad axe of Wyrd {freeze, +Blink, axe}
   (Okawaru gifted it to you on level 1 of the Lair of Beasts)

   +Blink:    It lets you blink.
Missiles
 a - 4 stones {throwing}
 y - 44 poisoned darts {throwing}
 B - 17 boomerangs (quivered) {throwing}
 J - a curare-tipped dart {=fthrowing}
 M - 19 silver javelins {throwing}
Armour
 c - a +0 cloak (worn)
   (You bought it in a shop on level 10 of the Dungeon)
 e - a +2 kite shield of cold resistance (worn)
   (You found it in an ice cave)
 o - a +0 pair of boots (worn)
   (You found it on level 8 of the Dungeon)
 v - the +0 pair of gloves of the Slightly Bent (worn) {SInv}
   (Okawaru gifted it to you on level 4 of the Lair of Beasts)

   SInv:      It lets you see invisible.
 z - +3 gold dragon scales (worn) {rare}
   (You found it on level 5 of the Dungeon)
Jewellery
 f - a +6 ring of strength
   (You found it on level 12 of the Dungeon)
 n - a ring of protection from fire (left hand)
   (You found it on level 2 of the Dungeon)
 x - a ring of poison resistance (right hand)
   (You found it on level 4 of the Dungeon)
 S - an amulet of the acrobat (around neck)
   (You found it on level 11 of the Dungeon)
Wands
 q - a wand of charming (24)
   (You found it on level 6 of the Dungeon)
 G - a wand of roots (17)
   (You took it off a gnoll on level 9 of the Dungeon)
 H - a wand of mindburst (2)
   (You took it off a gnoll on level 9 of the Dungeon)
 K - a wand of flame (29)
   (You found it on level 9 of the Dungeon)
 T - a wand of quicksilver (4)
   (You found it on level 5 of the Lair of Beasts)
 Z - a wand of polymorph (3)
   (You found it in an ice cave)
Scrolls
 b - 5 scrolls of poison {!r}
 d - 3 scrolls of fog
 g - 4 scrolls of amnesia
 i - a scroll of revelation
 j - 3 scrolls of vulnerability {!r!r}
 l - 4 scrolls of noise {!r}
 m - 2 scrolls of torment {!r}
 t - a scroll of silence {!r}
 A - 4 scrolls of teleportation {@r4}
 I - 2 scrolls of fear
 R - a scroll of blinking {!r}
 U - 2 scrolls of butterflies
Potions
 h - 2 potions of enlightenment
 k - 3 potions of invisibility
 p - 3 potions of attraction {!q}
 r - 4 potions of brilliance
 s - 2 potions of berserk rage {!q}
 u - 5 potions of degeneration {!q@e2}
 E - 4 potions of lignification {!q}
 F - 2 potions of haste {@q3}
 O - a potion of curing {@q1}
 P - a potion of magic
 Q - a potion of heal wounds {@q2}
 W - 2 potions of cancellation
Miscellaneous
 w - a box of beasts
   (You found it on level 5 of the Lair of Beasts)
 V - a phantom mirror
   (You found it on level 5 of the Lair of Beasts)

Dungeon Overview and Level Annotations

Branches:
Dungeon (15/15) Zot: 26255  Temple (0/1) D:4            Lair (5/5) D:10 Zot: 22651
 Shoals (0/4) Lair:3        Snake (0/4) Lair:3        Slime (0/5) Lair:5
    Orc (0/2) D:12        Ossuary (visited)           IceCv (visited)
Volcano (visited)
 Vaults: D:13-14     Depths: D:15

Altars:
Ashenzari
Cheibriados
Gozag
Hepliaklqana
Kikubaaqudgha
Makhleb
Nemelex Xobeh
Okawaru
Qazlal
Ru
Sif Muna
Uskayaw
Zin

Shops:
D:4 :   D:5 *   D:7 *   D:10 [

Portals:
Abyss: D:9

Annotations:
D:7 1 runed translucent door
D:9 2 transporters

#..J...... ......
#......... ....<^
##J####### ......
#..# ####+# ##.##
#..#### ##....#
####J# #########
#######@#####
#........
#.......#...#
#........
###.###.###.#
#........ #...#[#
#...^....
###.#.####........
#...'..#........
###.##.'.[....).
#...####........
#.### #........


You could see a titanic slime creature.


Message History

You destroy the vampire!
Okawaru accepts your kill.
The deep elf pyromancer barely misses you.
You furiously retaliate!
You headbutt the deep elf pyromancer!!
You closely miss the deep elf pyromancer.
The deep elf pyromancer mumbles some strange words.
The deep elf pyromancer blinks!
The deep elf pyromancer hits you but does no damage.
You slash the deep elf pyromancer! You burn the deep elf pyromancer.
The deep elf pyromancer hits you but does no damage.
You closely miss the deep elf pyromancer.
The deep elf pyromancer hits you but does no damage.
You slice the deep elf pyromancer!! You burn the deep elf pyromancer.
You kill the deep elf pyromancer!
Okawaru accepts your kill.
Your Fighting skill increases to level 13! 😎 HP[+2]
You now have 129 max hp (+2).
Your hp is fully restored (129).
No target in view!
a - 4 stones {throwing}
f - a +6 ring of strength You open the door.
There is an open door here.
You open the door.
There is an open door here.
You see here a +0 cloak.
You see here a +0 cloak.
You open the door.
There is an open door here.
You open the door. 3 slime creatures come into view.
The slime creature quivers. x3
The slime creature moves out of view.
There are monsters nearby!
There are monsters nearby! 4 slime creatures come into view.
The slime creature quivers. x3
There is an open door here.
Two slime creatures merge to form a large slime creature.
You block the slime creature's attack.
Two slime creatures merge to form a large slime creature.
You slash the slime creature! You burn the slime creature!
You headbutt the slime creature. You hit the large slime creature.
You burn the large slime creature. You hit the large slime creature.
You burn the large slime creature.
There is an open door here.
Two slime creatures merge to form a very large slime creature.
Two slime creatures merge to form an enormous slime creature.
Two slime creatures merge to form a very large slime creature.
You hit the very large slime creature. You burn the very large slime creature.
You barely miss the very large slime creature.
A very large slime creature splits.
The slime creature closely misses you.
The large slime creature attacks as it pursues you!
You block the large slime creature's attack.
Two slime creatures merge to form a large slime creature. x2
You slash the large slime creature! You burn the large slime creature.
The large slime creature hits you!! 😕 HP[-18]
You take 18 damage, and now have 111/129 hp.
You barely miss the large slime creature.
A large slime creature splits.
You block the large slime creature's attack.
You slash the large slime creature! You burn the large slime creature.
Two slime creatures merge to form a very large slime creature. 😕 HP[+1]
You hit the very large slime creature. You burn the very large slime creature.
Two slime creatures merge to form an enormous slime creature.
You slice the enormous slime creature!! You burn the enormous slime creature.
You headbutt the enormous slime creature.
The enormous slime creature hits you.
Two slime creatures merge to form a titanic slime creature. 😕 HP[-6]
You take 6 damage, and now have 106/129 hp.
You slash the titanic slime creature!
You burn the titanic slime creature. 😕 HP[+1]
You slice the titanic slime creature!! You burn the titanic slime creature.
You slash the titanic slime creature! You burn the titanic slime creature.
You headbutt the titanic slime creature!
You slash the titanic slime creature! You burn the titanic slime creature.
You headbutt the titanic slime creature, but do no damage.
The titanic slime creature hits you!!! 😮 HP[-38]
You take 38 damage, and now have 69/129 hp.
MASSIVE DAMAGE!! (PAUSE)
You slash the titanic slime creature! You burn the titanic slime creature.
Your headbutt misses the titanic slime creature.
The titanic slime creature hits you!!
* * * LOW HITPOINT WARNING * * *
😨 HP[-32]
You take 32 damage, and now have 37/129 hp.
MASSIVE DAMAGE!! (PAUSE)
The titanic slime creature hits you!!
* * * LOW HITPOINT WARNING * * *
😱 HP[-29]
You take 29 damage, and now have 8/129 hp.
MASSIVE DAMAGE!! (PAUSE)
The titanic slime creature attacks as it pursues you!
The titanic slime creature hits you!
You die...

Skill      XL: |  1  2  3  4  5  6  7  8  9 10 11 12 13 14 |
---------------+-------------------------------------------+-----
Axes           | 3 4 5 7 8 10 12 13 14 16 17 | 17.2
Fighting       | 4 5 6 8 9 10 11 12 13 | 13.0
Shields        | 4 5 6 7 9 10 11 12 | 12.6
Armour         | 4 5 6 7 8 10 12 | 12.6
Throwing       | 1 2 3 4 5 6 8 10 | 10.0
Evocations     | 2 5 |  5.4

Action                     |  1- 3 |  4- 6 |  7- 9 | 10-12 | 13-15 || total
---------------------------+-------+-------+-------+-------+-------++-------
  Melee: War axe           |    63 |   115 |   261 |   273 |   267 ||   979
         Headbutt          |     5 |    16 |    53 |   104 |   118 ||   296
         Broad axe         |       |       |       |   199 |   225 ||   424
  Throw: Boomerang         |       |       |       |    21 |     9 ||    30
 Invoke: Receive Weapon    |       |       |       |     1 |       ||     1
         Receive Armour    |       |       |       |       |     1 ||     1
Ability: Evoke Blink       |       |       |       |     1 |       ||     1
    Use: Scroll            |       |       |    20 |    13 |     3 ||    36
         Potion            |       |       |     1 |    13 |     2 ||    16
   Stab: Petrified         |       |       |       |     2 |       ||     2
 Armour: Scale mail        |    40 |    39 |       |       |       ||    79
         Plate armour      |       |    36 |     9 |       |       ||    45
         Gold dragon scale |       |       |   244 |   717 |   469 ||  1430
  Dodge: Dodged            |    34 |    57 |    39 |   119 |    74 ||   323
  Block: Buckler           |    17 |    24 |    49 |    62 |       ||   152
         Kite shield       |       |       |       |   191 |   229 ||   420

Levels and vault maps discovered:
D:1:      orjb1_clovarrival, layout_rooms
D:2:      layout_basic
D:3:      layout_basic, mainiacjoe_overflow_alcove_1, hex_intersection
D:4:      layout_layer_cave, grunt_gozag_breadcrumbs,
          mainiacjoe_overflow_catwalk_spiral, minmay_temple_entry_crystal_x,
          nicolae_shop_i_like_small_books_too, uniq_menkaure
D:5:      layout_loops_corners, guppyfry_shop_venom
D:6:      layout_basic, nemelex_spade_bored_becter,
          nicolae_overflow_hidden_temple
D:7:      cheibrodos_shockbox, layout_basic, grunt_qazlal_clouds,
          mainiacjoe_overflow_alcove_4, chei_slow_surprise, serial_shops,
          nicolae_shop_waterfront, mainiacjoe_ossuary_entry_find_the_door,
          uniq_duvessa
D:8:      layout_basic, marbit_many_paths, minmay_misc_feat_secret_circle,
          uniq_psyche
D:9:      layout_cave_pools, dancing_weapons_uskayaw, serial_gnoll_camp,
          gnoll_camp_mini_hut, gnoll_camp_mini_loothouse, gnoll_camp_mini_basic,
          gnoll_camp_huts_moat, gnoll_camp_mini_hut,
          gammafunk_ghost_abyssal_escape, minmay_misc_feat_ornament,
          nicolae_water_bricks
D:10:     layout_irregular_city, mainiacjoe_overflow_tiny_flanked,
          kennysheep_little_box, david_lair_shrubbed, serial_shops,
          nicolae_shop_advertising_works [nicolae_subvault_shop_adworks],
          uniq_josephine
D:11:     layout_roguey
D:12:     layout_roguey, zombieorc1_lemuel
D:13:     layout_small_grid, hellmonk_vaults_attempted_burglary,
          portal_ice_cave_entry_pillars_1, uniq_snorg
D:14:     cheibrodos_fzero, layout_rooms, serial_shops, shop,
          hangedman_decor_points
D:15:     grunt_enter_depths_giant_problem, layout_loops_corners, serial_shops,
          nicolae_shop_competitors_out_of_business
Lair:1:   layout_cave_pods, basic_altar
Lair:2:   layout_loops_ring, serial_bayou, serial_bayou_lagoon_b,
          serial_bayou_pond_b, serial_bayou_lake_a, serial_bayou_pond_d,
          serial_bayou_shore_b, serial_bayou_pond_d
Lair:3:   layout_cave_pods, nicolae_shoals_entry_roost, dummy_snake_entry,
          nicolae_volcano_entry_two_sided
Lair:4:   layout_small_grid, serial_bayou_shore_a, infiniplex_staircase_pool,
          lemuel_fruit_fields
Lair:5:   evilmike_catoblepas_cave, layout_small_grid, slime_entry_1,
          grunt_megastairs_4

Notes
Turn   | Place    | Note
-------+----------+-------------------------------------------
     0 | D:1      | Sanktem7 the Minotaur Fighter began the quest for the Orb.
     0 | D:1      | Reached XP level 1. HP: 19/19 MP: 0/0
     0 | D:1      | magus.rc [v1.9.6]
   260 | D:1      | Reached XP level 2. HP: 26/27 MP: 1/1
   424 | D:1      | Reached skill level 3 in Axes
   599 | D:2      | You pick up a book of Touch and begin reading...
   599 | D:2      | You add the spells Kiss of Death, Confusing Touch and
                  | Dispel Undead to your library.
   849 | D:2      | Reached XP level 3. HP: 33/33 MP: 2/2
   943 | D:2      | Reached skill level 4 in Fighting
   943 | D:2      | Reached skill level 4 in Shields
   994 | D:2      | Reached skill level 4 in Armour
  1508 | D:3      | Reached skill level 1 in Throwing
  1515 | D:3      | Reached XP level 4. HP: 36/40 MP: 3/3
  1850 | D:3      | Reached skill level 4 in Axes
  1856 | D:3      | Identified the +7 dagger of Experimentation {distort,
                  | Int+7}
  2328 | D:3      | Reached XP level 5. HP: 47/47 MP: 4/4
  2410 | D:3      | Found a shimmering blue altar of Sif Muna.
  2558 | D:4      | Noticed Menkaure
  2564 | D:4      | Killed Menkaure
  2565 | D:4      | Reached skill level 2 in Throwing
  2647 | D:4      | Reached XP level 6. HP: 53/53 MP: 5/5
  2751 | D:4      | Found a staircase to the Ecumenical Temple.
  2806 | D:4      | Reached skill level 5 in Axes
  2978 | D:4      | Found an opulent altar of Gozag.
  3316 | D:4      | Found an iron altar of Okawaru.
  3318 | D:4      | Found a burning altar of Makhleb.
  3385 | D:4      | Became a worshipper of Warmaster Okawaru
  3461 | D:4      | Reached skill level 5 in Fighting
  3832 | D:4      | Found Esityog's Tiny Tomes.
  3995 | D:5      | Entered Level 5 of the Dungeon
  4055 | D:5      | Reached skill level 5 in Shields
  4262 | D:5      | Reached skill level 5 in Armour
  4470 | D:5      | Found Imigeog's Serpentskin Sales.
  4470 | D:5      | Noticed a water moccasin
  4479 | D:5      | Reached XP level 7. HP: 24/61 MP: 6/6
  4486 | D:5      | Reached skill level 6 in Axes
  4489 | D:5      | HP: 15/61 [poisoned by a water moccasin]
  4649 | D:5      | Bought a scroll of poison for 44 gold pieces
  4768 | D:5      | Identified +0 gold dragon scales
  4780 | D:5      | z - +0 gold dragon scales {rare}
  4791 | D:5      | You finish putting on your +0 gold dragon scales {rare}.
  4875 | D:5      | Reached skill level 3 in Throwing
  4991 | D:5      | Reached * piety under Okawaru
  5177 | D:6      | Reached skill level 7 in Axes
  5177 | D:6      | Reached XP level 8. HP: 55/70 MP: 7/7
  5271 | D:6      | Reached skill level 6 in Fighting
  5295 | D:6      | Reached ** piety under Okawaru
  5296 | D:6      | Reached skill level 6 in Armour
  5296 | D:6      | Reached skill level 6 in Shields
  5462 | D:6      | Reached skill level 4 in Throwing
  5573 | D:6      | Found a glowing silver altar of Zin.
  5687 | D:6      | magus.rc [v1.9.6]
  5764 | D:6      | Reached skill level 8 in Axes
  5785 | D:6      | Found a sparkling altar of Nemelex Xobeh.
  6015 | D:7      | Found a runed translucent door.
  6015 | D:7      | Noticed a sixfirhy
  6056 | D:7      | Found an ancient bone altar of Kikubaaqudgha.
  6103 | D:7      | Found a stormy altar of Qazlal.
  6107 | D:7      | Noticed Duvessa
  6109 | D:7      | Noticed Dowan
  6113 | D:7      | Killed Duvessa
  6114 | D:7      | Reached XP level 9. HP: 78/78 MP: 8/8
  6119 | D:7      | Killed Dowan
  6140 | D:7      | Found a sand-covered staircase.
  6151 | D:7      | Reached skill level 7 in Fighting
  6156 | Ossuary  | Entered an ossuary
  6506 | D:7      | Found Leeshod's Assorted Antiques.
  6520 | D:7      | Reached *** piety under Okawaru
  6521 | D:7      | Reached skill level 9 in Axes
  6559 | D:7      | Bought a scroll labelled WEWNOASSOTZ for 22 gold pieces
  6559 | D:7      | Bought a scroll labelled ROUGEOSEOT for 22 gold pieces
  6559 | D:7      | your +0 gold dragon scales {rare} glow green for a moment.
  6650 | D:7      | You pick up a book of Debilitation and begin reading...
  6650 | D:7      | You add the spells Slow, Sigil of Binding and Vampiric
                  | Draining to your library.
  6704 | D:7      | You pick up a book of the Tundra and begin reading...
  6908 | D:7      | Found a snail-covered altar of Cheibriados.
  6958 | D:8      | Reached skill level 7 in Shields
  6964 | D:8      | Reached skill level 7 in Armour
  7107 | D:8      | Noticed Psyche
  7113 | D:8      | Killed Psyche
  7114 | D:8      | Reached skill level 5 in Throwing
  7123 | D:8      | Noticed a two-headed ogre
  7130 | D:8      | Killed a two-headed ogre
  7131 | D:8      | Reached skill level 10 in Axes
  7608 | D:8      | Reached skill level 8 in Fighting
  7609 | D:8      | Reached **** piety under Okawaru
  7610 | D:8      | Reached XP level 10. HP: 86/88 MP: 9/9
  7673 | D:8      | Reached skill level 8 in Shields
  7914 | D:8      | You add the spells Sting, Poisonous Vapours and Olgreb's
                  | Toxic Radiance to your library.
  8050 | D:8      | Found a broken altar of Ashenzari.
  8185 | D:9      | Identified the "Amminlav"
  8208 | D:8      | Reached skill level 8 in Armour
  8409 | D:9      | Reached skill level 6 in Throwing
  8735 | D:9      | Found a transporter.
  8812 | D:9      | Noticed a skeletal warrior
  8813 | D:9      | Noticed a white ugly thing
  8814 | D:9      | Noticed an arcanist
  8839 | D:9      | Found a one-way gate to the infinite horrors of the Abyss.
  8856 | D:9      | Noticed a rust devil
  8870 | D:9      | Found a transporter.
  8880 | D:9      | Reached skill level 11 in Axes
  8898 | D:9      | Noticed a toenail golem
  8936 | D:9      | Noticed a +0 hand axe
  8941 | D:9      | Noticed a +0 hand axe
  8942 | D:9      | Found a hide-covered altar of Uskayaw.
  9155 | D:9      | Reached ***** piety under Okawaru
  9266 | D:9      | Reached skill level 9 in Fighting
  9326 | D:9      | HP: 18/91 [yak (11)]
  9330 | D:9      | Reached skill level 12 in Axes
  9330 | D:9      | Reached skill level 9 in Shields
  9332 | D:9      | HP: 22/91 [gnoll/+0 halberd (3)]
  9334 | D:9      | HP: 8/91 [electric eel/bolt of electricity (11)]
  9341 | D:9      | HP: 13/91 [electric eel/bolt of electricity (12)]
  9356 | D:9      | HP: 12/91 [gnoll sergeant/+0 spear (6)]
  9363 | D:9      | HP: 20/91 [gnoll sergeant/+0 spear (4)]
  9368 | D:9      | HP: 8/91 [electric eel/bolt of electricity (9)]
  9381 | D:9      | HP: 9/91 [constriction (3)]
  9992 | D:9      | Reached XP level 11. HP: 93/97 MP: 10/10
 10323 | D:9      | Reached skill level 9 in Armour
 10326 | D:9      | You pick up a book of Changes and begin reading...
 10326 | D:9      | You add the spells Wereblood and Irradiate to your library.
 10481 | D:10     | Entered Level 10 of the Dungeon
 10502 | D:10     | Found a staircase to the Lair.
 10600 | D:10     | Found Tyecel Lakk's Armour Shoppe.
 10609 | D:10     | Bought a +0 cloak for 67 gold pieces
 10609 | D:10     | Bought a +1 hat for 165 gold pieces
 10631 | D:10     | Found a hazy altar of Hepliaklqana.
 10718 | D:10     | Found a sacrificial altar of Ru.
 10776 | D:10     | Reached skill level 7 in Throwing
 10856 | D:10     | Noticed Josephine
 10860 | D:10     | Noticed a cyan ugly thing
 10865 | D:10     | Noticed a two-headed ogre
 10867 | D:10     | Killed Josephine
 10872 | D:10     | Killed a cyan ugly thing
 10873 | D:10     | HP: 21/99 [two-headed ogre/+0 giant club (8)]
 10875 | D:10     | Killed a two-headed ogre
 10875 | D:10     | Received a gift from Okawaru
 11220 | D:10     | Reached skill level 13 in Axes
 11277 | D:10     | Reached skill level 10 in Fighting
 11549 | D:10     | your +1 gold dragon scales {rare} glow green for a moment.
 11612 | Lair:1   | Entered Level 1 of the Lair of Beasts
 11622 | Lair:1   | HP: 21/99 [blink frog (11)]
 11921 | Lair:1   | Reached skill level 1 in Evocations
 11935 | Lair:1   | Reached ****** piety under Okawaru
 11936 | Lair:1   | Acquired the +5 broad axe of Wyrd {freeze, +Blink}
 11936 | Lair:1   | Received a gift from Okawaru
 11946 | Lair:1   | Received a gift from Okawaru
 12127 | Lair:1   | Found an opulent altar of Gozag.
 12148 | Lair:1   | Reached skill level 10 in Shields
 12396 | Lair:1   | Reached skill level 2 in Evocations
 12553 | Lair:1   | Reached skill level 10 in Armour
 12683 | Lair:1   | Reached skill level 8 in Throwing
 12686 | Lair:1   | Reached XP level 12. HP: 82/107 MP: 11/11
 12875 | Lair:1   | your +2 gold dragon scales {rare} glow green for a moment.
 13001 | Lair:2   | Reached skill level 3 in Evocations
 13011 | Lair:2   | Received a gift from Okawaru
 13217 | Lair:2   | Noticed a catoblepas
 13237 | Lair:2   | HP: 17/108 [catoblepas (11)]
 13241 | Lair:2   | Killed a catoblepas
 13242 | Lair:2   | Reached skill level 14 in Axes
 13809 | Lair:2   | You pick up a book of Hexes and begin reading...
 13809 | Lair:2   | You add the spells Anguish, Cause Fear and Enfeeble to your
                  | library.
 14306 | Lair:3   | Identified the "Zoggom"
 14379 | Lair:3   | Reached skill level 4 in Evocations
 14431 | Lair:3   | Found a staircase to the Shoals.
 14441 | Lair:3   | HP: 25/108 [yak (10)]
 14444 | Lair:3   | HP: 3/108 [harpy (13)]
 14444 | Lair:3   | HP: 1/108 [harpy (2)]
 14449 | Lair:3   | HP: 23/108 [yak (1)]
 14452 | Lair:3   | Received a gift from Okawaru
 14453 | Lair:3   | Reached skill level 11 in Fighting
 14703 | Lair:3   | Noticed an eight-headed hydra
 14713 | Lair:3   | Killed a five-headed hydra
 14714 | Lair:3   | Reached skill level 5 in Evocations
 14747 | Lair:3   | Found a dark tunnel.
 14757 | Volcano  | Entered a volcano
 14944 | Volcano  | Received a gift from Okawaru
 15148 | Volcano  | Noticed a centaur warrior
 15157 | Volcano  | Killed a centaur warrior
 15158 | Volcano  | Reached skill level 11 in Shields
 15506 | Lair:3   | You pick up a book of the Warp and begin reading...
 15506 | Lair:3   | You add the spells Manifold Assault, Dispersal and
                  | Disjunction to your library.
 15535 | Lair:3   | You add the spells Silence and Plasma Beam to your library.
 15562 | Lair:3   | Reached XP level 13. HP: 105/116 MP: 12/12
 15663 | Lair:3   | Found a staircase to the Snake Pit.
 15868 | Lair:3   | Reached skill level 15 in Axes
 15868 | Lair:3   | Reached skill level 11 in Armour
 16329 | Lair:3   | magus.rc [v1.9.6]
 16409 | Lair:4   | Reached skill level 9 in Throwing
 16504 | Lair:4   | Acquired the +0 pair of gloves of the Slightly Bent {SInv}
 16504 | Lair:4   | Received a gift from Okawaru
 16756 | Lair:4   | Received a gift from Okawaru
 17488 | Lair:5   | Entered Level 5 of the Lair of Beasts
 18024 | Lair:5   | You pick up a book of Hexes and begin reading...
 18025 | Lair:5   | Found a staircase to the Slime Pits.
 18324 | Lair:5   | Reached skill level 12 in Fighting
 18348 | Lair:5   | Reached skill level 16 in Axes
 18349 | Lair:5   | HP: 20/118 [death yak (12)]
 18800 | Lair:5   | Reached skill level 12 in Shields
 18958 | Lair:5   | Reached skill level 12 in Armour
 19055 | Lair:5   | You pick up a book of Spectacle and begin reading...
 19055 | Lair:5   | You add the spells Volatile Blastmotes, Dazzling Flash,
                  | Starburst and Maxwell's Capacitive Coupling to your
                  | library.
 19128 | Lair:5   | Received a gift from Okawaru
 19830 | D:11     | Reached skill level 10 in Throwing
 19915 | D:11     | Reached XP level 14. HP: 90/127 MP: 13/13
 20522 | D:12     | Found a staircase to the Orcish Mines.
 20594 | D:12     | You fall into a shaft and drop 3 floors!
 20594 | D:15     | Entered Level 15 of the Dungeon
 20594 | D:15     | Found Atat's General Store.
 20742 | D:13     | Found a frozen archway.
 20751 | IceCv    | Entered an ice cave
 20944 | IceCv    | Received a gift from Okawaru
 21204 | IceCv    | Reached skill level 17 in Axes
 21502 | IceCv    | Gained mutation: Your system is resistant to poisons.
                  | (rPois) [potion of mutation]
 21502 | IceCv    | Gained mutation: You are agile. (Dex +4, Str/Int -1)
                  | [potion of mutation]
 21502 | IceCv    | Gained mutation: You are dopey. (Int -2) [potion of
                  | mutation]
 21502 | IceCv    | Gained mutation: You have a somewhat thin skeletal
                  | structure. (Dex +2, Stealth+) [potion of mutation]
 21503 | IceCv    | Lost mutation: Your system is resistant to poisons. (rPois)
                  | [potion of mutation]
 21503 | IceCv    | Lost mutation: You have a somewhat thin skeletal structure.
                  | (Dex +2, Stealth+) [potion of mutation]
 21503 | IceCv    | Gained mutation: You have a pair of large horns on your
                  | head. [potion of mutation]
 21503 | IceCv    | Lost mutation: You are agile. (Dex +4, Str/Int -1) [potion
                  | of mutation]
 21503 | IceCv    | Gained mutation: You expend magic power (3 MP) to
                  | strengthen your wands. [potion of mutation]
 21508 | IceCv    | You add the spells Ozocubu's Armour and Ozocubu's
                  | Refrigeration to your library.
 22161 | D:12     | Reached skill level 13 in Fighting
 22242 | D:12     | HP: 8/129 [titanic slime creature (30)]
 22243 | D:12     | Slain by a titanic slime creature

Vanquished Creatures
  Josephine (D:10)
  A centaur warrior (Volcano)
  3 hydras
  A boulder beetle (Lair:5)
  3 two-headed ogres
  4 catoblepae
  6 death yaks (Lair:5)
  A hell knight (Volcano)
  2 skysharks (Lair:5)
  A bog body (IceCv)
  A lindwurm (Lair:5)
  A necromancer (IceCv)
  3 harpies (Lair:3)
  A deep elf pyromancer (D:12)
  3 manticores
  2 cyclopes
  An ugly thing (D:10)
  2 ice statues (IceCv)
  7 elephants
  6 black mambas
  Psyche (D:8)
  A gargoyle (D:13)
  12 cane toads
  2 kobold demonologists (D:11)
  2 rime drakes
  6 ice devils (IceCv)
  7 komodo dragons
  3 anaconda simulacra (IceCv)
  2 yaktaurs (Volcano)
  2 trolls (D:9)
  14 blink frogs
  A dire elephant simulacrum (IceCv)
  2 slime creatures
  A spriggan (shapeshifter) (D:14)
  5 wraiths
  2 vampires
  3 shadows
  A wyvern (Lair:4)
  44 yaks
  A basilisk (D:10)
  3 vampire mosquitoes
  A steam dragon (D:9)
  Menkaure (D:4)
  2 acid dragons
  3 harpy simulacra (IceCv)
  3 hydra simulacra (IceCv)
  Duvessa (D:7)
  21 water moccasins
  A black bear (shapeshifter) (D:13)
  An orc warrior (D:6)
  2 ice beasts (D:7)
  A sky beast (D:7)
  A black bear (D:8)
  3 wolves (Lair:3)
  12 centaurs
  2 ogres
  2 phantoms
  6 kobold brigands
  9 bullfrogs
  6 gnoll sergeants
  3 scorpions
  10 wights (D:8)
  Dowan (D:7)
  2 troll zombies (D:12)
  10 killer bees
  4 howler monkeys
  6 electric eels
  6 hounds
  A jelly (D:8)
  5 orc priests
  3 gnoll boudas
  2 iguanas
  4 hell rats (Lair:2)
  6 orc wizards
  3 scorpion zombies (D:7)
  A spriggan simulacrum (IceCv)
  2 troll simulacra (IceCv)
  2 wolf simulacra (IceCv)
  4 ogre zombies (D:12)
  A mummy (Ossuary)
  10 adders
  41 gnolls
  4 howler monkey skeletons (D:7)
  2 shadow imps
  A white imp (D:6)
  An ufetubus (IceCv)
  4 worms
  2 dart slugs
  28 orcs
  4 spectral bats (Ossuary)
  5 endoplasms
  2 giant cockroaches
  9 goblins
  3 hobgoblins
  6 jackals (D:9)
  20 kobolds
  2 quokkas
  3 ball pythons
  2 bats
  2 bat simulacra (Ossuary)
  2 frilled lizards
  3 gnoll skeletons (D:12)
  12 gnoll zombies (Ossuary)
  2 goblin simulacra (Ossuary)
  4 goblin zombies (Ossuary)
  2 hobgoblin zombies (Ossuary)
  2 kobold simulacra (Ossuary)
  5 kobold zombies (Ossuary)
  5 orc skeletons (D:12)
  18 orc zombies
  2 rats (D:1)
  5 rat simulacra (Ossuary)
  4 spectral goblins (Ossuary)
  4 spectral rats (Ossuary)
  A butterfly (Lair:4)
541 creatures vanquished.

Vanquished Creatures (others)
  A kobold (D:9)
1 creature vanquished.

Grand Total: 542 creatures vanquished

Table legend:
 A = Non-vault XP
 B = Vault XP
 C = Vault XP percentage of total XP
 D = Non-vault monster count
 E = Vault monster count
 F = Vault count percentage of total count
                 A         B        C        D         E       F
            +---------+---------+-------+---------+---------+-------
      Total |   45197 |   32561 |  41.9 |     329 |     211 |  39.1
            +---------+---------+-------+---------+---------+-------
        D:1 |      21 |       0 |   0.0 |      13 |       0 |   0.0
        D:2 |      46 |       0 |   0.0 |      10 |       0 |   0.0
        D:3 |     133 |       0 |   0.0 |      19 |       0 |   0.0
        D:4 |     211 |     172 |  44.9 |      19 |       1 |   5.0
        D:5 |     416 |     158 |  27.5 |      13 |       2 |  13.3
        D:6 |    1157 |       0 |   0.0 |      30 |       0 |   0.0
        D:7 |     599 |     376 |  38.6 |       8 |       9 |  52.9
        D:8 |    2530 |     442 |  14.9 |      30 |       2 |   6.2
        D:9 |    4010 |     818 |  16.9 |      27 |      34 |  55.7
       D:10 |    4228 |    2082 |  33.0 |      24 |       6 |  20.0
       D:11 |    3261 |       0 |   0.0 |      35 |       0 |   0.0
       D:12 |     807 |     783 |  49.2 |       2 |      28 |  93.3
       D:13 |    1597 |     133 |   7.7 |       6 |       1 |  14.3
       D:14 |       0 |    1810 | 100.0 |       0 |       6 | 100.0
     Lair:1 |    5263 |       0 |   0.0 |      20 |       0 |   0.0
     Lair:2 |    3280 |    1706 |  34.2 |      19 |       4 |  17.4
     Lair:3 |    6794 |    1836 |  21.3 |      24 |       3 |  11.1
     Lair:4 |    5646 |       0 |   0.0 |      18 |       0 |   0.0
     Lair:5 |    5198 |   12963 |  71.4 |      12 |      29 |  70.7
    Ossuary |       0 |      87 | 100.0 |       0 |      54 | 100.0
      IceCv |       0 |    6605 | 100.0 |       0 |      26 | 100.0
    Volcano |       0 |    2590 | 100.0 |       0 |       6 | 100.0
            +---------+---------+-------+---------+---------+-------

Skill      XL: |  1  2  3  4  5  6  7  8  9 10 11 12 13 14 |
---------------+-------------------------------------------+-----
Axes           | 3 4 5 7 8 10 12 13 14 16 17 | 17.2
Fighting       | 4 5 6 8 9 10 11 12 13 | 13.0
Shields        | 4 5 6 7 9 10 11 12 | 12.6
Armour         | 4 5 6 7 8 10 12 | 12.6
Throwing       | 1 2 3 4 5 6 8 10 | 10.0
Evocations     | 2 5 |  5.4

Action                     |  1- 3 |  4- 6 |  7- 9 | 10-12 | 13-15 || total
---------------------------+-------+-------+-------+-------+-------++-------
  Melee: War axe           |    63 |   115 |   261 |   273 |   267 ||   979
         Headbutt          |     5 |    16 |    53 |   104 |   118 ||   296
         Broad axe         |       |       |       |   199 |   225 ||   424
  Throw: Boomerang         |       |       |       |    21 |     9 ||    30
 Invoke: Receive Weapon    |       |       |       |     1 |       ||     1
         Receive Armour    |       |       |       |       |     1 ||     1
Ability: Evoke Blink       |       |       |       |     1 |       ||     1
    Use: Scroll            |       |       |    20 |    13 |     3 ||    36
         Potion            |       |       |     1 |    13 |     2 ||    16
   Stab: Petrified         |       |       |       |     2 |       ||     2
 Armour: Scale mail        |    40 |    39 |       |       |       ||    79
         Plate armour      |       |    36 |     9 |       |       ||    45
         Gold dragon scale |       |       |   244 |   717 |   469 ||  1430
  Dodge: Dodged            |    34 |    57 |    39 |   119 |    74 ||   323
  Block: Buckler           |    17 |    24 |    49 |    62 |       ||   152
         Kite shield       |       |       |       |   191 |   229 ||   420

Illustrated notes

Table legend:
 A = Kills in this place as a percentage of kills in the entire game.
 B = Kills by you in this place as a percentage of kills by you in the entire game.
 C = Kills by friends in this place as a percentage of kills by friends in the entire game.
 D = Other kills in this place as a percentage of other kills in the entire game.
 E = Experience gained in this place as a percentage of experience gained in the entire game.
 F = Experience gained in this place divided by the number of levels of this place that you have seen.
                   A       B       C       D       E      F
               +-------+-------+-------+-------+-------+----------------------
         Total | 100.0 | 100.0 |   N/A |   N/A | 100.0 | 3380.8
       Dungeon |  60.2 |  60.2 |   N/A |   N/A |  33.2 | 1719.3
          Lair |  23.9 |  23.9 |   N/A |   N/A |  54.9 | 8537.2
       Ossuary |  10.0 |  10.0 |   N/A |   N/A |   0.1 |  87.0
      Ice Cave |   4.8 |   4.8 |   N/A |   N/A |   8.5 | 6605.0
       Volcano |   1.1 |   1.1 |   N/A |   N/A |   3.3 | 2590.0
               +-------+-------+-------+-------+-------+----------------------

Table legend: (Time is in decaauts)
 A = Elapsed time spent in this place.
 B = Non-inter-level travel time spent in this place.
 C = Inter-level travel time spent in this place.
 D = Time resting spent in this place.
 E = Time spent auto-exploring this place.
 F = Levels seen in this place.
 G = Mean time per level.
                   A        B        C        D        E       F      G
               +--------+--------+--------+--------+--------+-----+--------+
         Total |  22325 |  21572 |    753 |   1943 |  15505 |  23 |  970.7 |
       Dungeon |  13233 |  12777 |    456 |    919 |   9695 |  15 |  882.2 |
          Lair |   7348 |   7051 |    297 |    422 |   5322 |   5 | 1469.6 |
       Ossuary |    320 |    320 |      0 |      0 |    157 |   1 |  320.0 |
      Ice Cave |    782 |    782 |      0 |    348 |      2 |   1 |  782.0 |
       Volcano |    639 |    639 |      0 |    254 |    328 |   1 |  639.0 |
               +--------+--------+--------+--------+--------+-----+--------+

Top non-repeatable levels by time:
     D:8: 2173 daAuts
  Lair:5: 2155 daAuts
  Lair:2: 1499 daAuts
     D:4: 1448 daAuts
  Lair:3: 1424 daAuts
    D:10: 1377 daAuts
     D:9: 1354 daAuts
  Lair:4: 1147 daAuts
  Lair:1: 1121 daAuts
     D:5: 1089 daAuts
     D:3: 1071 daAuts
     D:2: 954 daAuts
     D:6: 891 daAuts
   IceCv: 782 daAuts
     D:7: 691 daAuts
